Map: 카탈리스트 - 래더

Players

Geralt (Gerald)

  • Race: Protoss Protoss
  • League: Grandmaster
  • Spawn Location: 11:00

PartinG - Winner!

  • Race: Protoss Protoss
  • League: Master
  • Spawn Location: 5:00

Event: HomeStory Cup XVII

VOD

Have the link to the VOD?

Description

Time

  • Played on: June 29, 2018, 1:52 p.m.
  • Length: 10:56

All games in this series

Show
View Real Time Build Order
Export as new Build Order

Geralt Protoss 

Build Orders: Oracle Opening 

Get SALT Encoding   

  12  0:00  Probe  
  13  0:12  Probe  
  14  0:17  Pylon  
  14  0:23  Probe  
  15  0:31  Probe  
  16  0:38  Gateway  
  16  0:40  Probe  
  16  0:47  Assimilator  
  17  0:51  Probe  
  17  0:54  Assimilator  
  18  0:59  Probe  
  19  1:07  Probe  
  20  1:16  Gateway  
  20  1:18  Probe  
  21  1:29  Cybernetics Core  
  21  1:30  Probe  
  22  1:34  Pylon  
  22  1:42  Pylon  
  22  1:44  Probe  
  23  1:56  Probe  
  24  2:06  Adept x2  
  24  2:08  Warp Gate  
  28  2:12  Pylon  
  28  2:14  Probe  
  29  2:25  Stargate  
  29  2:29  Probe  
  30  2:40  Adept  
  30  2:41  Probe  
  32  2:50  Adept  
  34  2:53  Probe  
  35  3:00  Oracle  
  38  3:25  Probe  
  37  3:28  Oracle  
  37  3:31  Gateway  
  35  3:38  Shield Battery  
  38  3:43  Shield Battery  
  38  3:44  Stalker x2  
  42  3:55  Pylon  
  40  4:18  Twilight Council  
  38  4:29  Stalker  
  34  4:40  Nexus, Pylon  
  35  4:49  Stalker  
  36  4:55  Dark Shrine  
  36  4:57  Stalker  
  36  4:59  Probe  
  39  5:13  Stalker  
  40  5:15  Zealot  
  38  5:26  Stalker  
  34  5:47  Stalker x2  
  35  6:08  Dark Templar  
  37  6:13  Pylon  
  37  6:21  Dark Templar  
  37  6:24  Pylon  
  37  6:41  Nexus  
  37  6:42  Probe, Pylon  
  37  6:46  Blink  
  38  7:12  Probe  
  37  7:23  Stalker x3  
  37  7:27  Probe  
  44  7:32  Gateway  
  42  7:39  Probe  
  43  7:51  Dark Templar, Probe  
  45  7:53  Stalker  
  45  7:54  Probe  
  45  7:57  Stalker  
  51  8:03  Probe  
  52  8:09  Probe  
  53  8:16  Shield Battery  
  48  8:20  Probe  
  45  8:27  Stalker x2  
  45  8:28  Probe  
  45  8:31  Assimilator  
  45  8:33  Probe  
  51  8:39  Assimilator  
  51  8:43  Pylon  
  51  8:45  Probe  
  52  8:49  Probe  
  52  8:55  Probe  
  53  9:05  Robotics Facility  
  53  9:07  Probe  
  53  9:10  Probe  
  55  9:18  Stalker  
  55  9:19  Probe  
  58  9:29  Probe  
  59  9:44  Stalker  
  59  9:45  Immortal, Stalker x3  
  71  10:04  Pylon  
  71  10:13  Adept x3  
  71  10:29  Adept  
  67  10:36  Adept  
  53  10:44  Adept x2  
Show
View Real Time Build Order
Export as new Build Order

PartinG Protoss - Winner!

Build Orders: Phoenix Opening 

Get SALT Encoding   

  12  0:00  Probe  
  13  0:13  Probe  
  14  0:17  Pylon  
  14  0:24  Probe  
  15  0:32  Probe  
  15  0:37  Gateway  
  15  0:40  Probe  
  16  0:46  Assimilator  
  17  0:50  Probe  
  17  0:55  Assimilator  
  18  0:58  Probe  
  19  1:07  Probe  
  19  1:08  Gateway  
  20  1:18  Probe  
  21  1:26  Cybernetics Core  
  21  1:30  Probe  
  22  1:36  Pylon  
  22  1:42  Probe  
  23  1:54  Probe  
  24  2:02  Stalker x2  
  24  2:03  Warp Gate  
  28  2:13  Pylon  
  28  2:32  Stalker x2  
  32  2:42  Stargate  
  31  2:47  Shield Battery  
  31  2:56  Pylon  
  31  3:21  Phoenix  
  33  3:34  Nexus  
  33  3:36  Probe  
  33  3:38  Phoenix  
  34  3:48  Probe  
  37  3:58  Gateway  
  37  4:00  Probe  
  38  4:07  Stalker  
  40  4:11  Stalker  
  40  4:12  Phoenix  
  37  4:25  Probe  
  37  4:41  Probe  
  38  4:46  Probe  
  39  4:53  Probe  
  39  4:54  Probe  
  41  5:05  Probe  
  42  5:18  Probe  
  43  5:25  Stalker x2  
  43  5:27  Probe  
  48  5:30  Probe  
  49  5:39  Probe  
  49  5:42  Probe  
  51  5:47  Probe  
  51  5:50  Probe  
  51  5:55  Probe  
  53  5:58  Probe  
  53  5:59  Stalker  
  53  6:00  Stalker  
  59  6:05  Probe  
  59  6:08  Probe  
  59  6:11  Robotics Facility  
  61  6:20  Probe  
  61  6:24  Pylon  
  62  6:28  Pylon  
  62  6:34  Pylon  
  62  6:40  Shield Battery  
  62  6:43  Oracle  
  62  6:45  Probe x2  
  67  6:49  Shield Battery  
  67  6:51  Observer  
  61  7:02  Probe x2  
  61  7:05  Stalker x2  
  66  7:14  Probe x2  
  67  7:20  Immortal  
  67  7:26  Probe x2  
  73  7:38  Probe x2  
  75  7:44  Twilight Council  
  75  7:45  Forge  
  75  7:47  Pylon  
  75  7:52  Pylon  
  75  7:53  Immortal  
  75  7:54  Assimilator  
  75  8:05  Pylon  
  75  8:07  Sentry x2  
  75  8:11  Pylon  
  83  8:23  Resonating Glaives  
  83  8:25  Immortal  
  87  8:43  Gateway x2  
  87  8:46  Gateway  
  87  8:47  Gateway  
  87  8:50  Adept  
  87  8:51  Adept  
  87  8:54  Warp Prism  
  91  8:56  Protoss Ground Weapons Level 1  
  93  9:12  Adept x2  
  97  9:25  Observer  
  97  9:28  Nexus  
  95  9:33  Pylon  
  95  9:40  Adept x2  
  97  9:47  Observer  
  97  9:50  Adept x3  
  102  10:05  Adept  
  102  10:06  Adept x2  
  106  10:25  Adept x3  
  106  10:26  Adept x3  
  95  10:46  Adept x6  
Tags
 
Add a new tag
Caveats
  • Supply blocks, unpowered buildings, or Contaminate may cause inaccurate times.
  • Supply counts are checked every 10 seconds.